 Dungeon Crawl Stone Soup version 0.29-a0-380-gf50f0a9fbc (webtiles) character file.

Game seed: 6210579024860093294

2561 pyrow613 the Cleaver (level 9, 0/72 HPs)
             Began as a Minotaur Fighter on May 5, 2022.
             Was a Priest of Zin.
             Killed from afar by Erica (27 damage)
             ... with a bolt of poison
             ... on level 8 of the Dungeon.
             The game lasted 00:20:12 (8208 turns).

pyrow613 the Cleaver (Minotaur Fighter)             Turns: 8208, Time: 00:20:12

Health: 0/72       AC:  9    Str: 25    XL:     9   Next: 31%
Magic:  8/8        EV: 10    Int:  5    God:    Zin [***...]
Gold:   86         SH:  0    Dex: 16    Spells: 8/8 levels left

rFire   . . .      SeeInvis .   a - +3 battleaxe
rCold   + . .      Faith    .   (shield currently unavailable)
rNeg    . . .      Spirit   .   x - +3 ring mail {rC+}
rPois   .          Reflect  .   (helmet restricted)
rElec   .          Harm     .   (no cloak)
rCorr   .          Rampage  .   t - +0 pair of gloves
Will    .....                   (no boots)
Stlth   +.........              D - amulet of regeneration
HPRegen 1.02/turn               k - +6 ring of dexterity
MPRegen 0.11/turn               (no ring)

@: lethally poisoned (0 -> -6), slowed, very slow
A: horns 2, retaliatory headbutt
a: Renounce Religion, Recite, Vitalisation, Imprison, Donate Gold


You were on level 8 of the Dungeon.
You worshipped Zin.
Zin was most pleased with you.
You visited 2 branches of the dungeon, and saw 9 of its levels.

You collected 495 gold pieces.
You spent 360 gold pieces at shops.
You donated 49 gold pieces to Zin.

Inventory:

Hand Weapons
 a - a +3 battleaxe (weapon)
 b - a +0 hunting sling
 l - a +1 dagger of venom
Missiles
 w - 2 poisoned darts (quivered)
 y - a throwing net
Armour
 o - a +1 chain mail
 t - a +0 pair of gloves (worn)
 x - a +3 ring mail of cold resistance (worn)
Jewellery
 k - a +6 ring of dexterity (left hand)
 D - an amulet of regeneration (around neck)
Wands
 j - a wand of polymorph (9)
 r - a wand of paralysis (4)
Scrolls
 c - 2 scrolls of teleportation
 i - 5 scrolls of fear
 m - 3 scrolls of poison
 n - a scroll of magic mapping
 p - 3 scrolls of identify
 v - a scroll of noise
 z - a scroll of fog
 F - a scroll of amnesia {unknown}
Potions
 d - a potion of might
 e - 5 potions of curing
 f - a potion of ambrosia
 g - 5 potions of flight
 h - 2 potions of lignification
 q - a potion of attraction
 s - 3 potions of heal wounds
 u - a potion of mutation
 A - a potion of brilliance {unknown}
 B - a potion of magic {unknown}
 C - 2 potions of degeneration {unknown}


   Skills:
 - Level 4.6 Fighting
 * Level 14.7 Axes
 - Level 3.6 Armour
 - Level 3.6 Shields


You had 8 spell levels left.
You didn't know any spells.
Your spell library contained the following spells:

 Spells                   Type           Power      Damage    Failure   Level
 Magic Dart               Conj           0%         1d3       63%         1
 Blink                    Tloc           0%         N/A       77%         2
 Call Imp                 Summ           0%         N/A       77%         2
 Searing Ray              Conj           0%         2d4       77%         2
 Conjure Flame            Conj/Fire      0%         6-21      94%         3
 Gell's Gravitas          Tloc           0%         N/A       94%         3
 Ignite Poison            Fire/Tmut/Pois 0%         N/A       94%         3
 Lesser Beckoning         Tloc           0%         N/A       94%         3
 Mephitic Cloud           Conj/Pois/Air  0%         N/A       94%         3
 Portal Projectile        Hex/Tloc       0%         N/A       94%         3
 Teleport Other           Tloc           0%         N/A       94%         3
 Sticky Flame             Conj/Fire      0%         2d3       100%        4
 Summon Lightning Spire   Summ/Air       0%         N/A       100%        4
 Blade Hands              Tmut           0%         N/A       100%        5
 Excruciating Wounds      Necr           0%         N/A       100%        5
 Manifold Assault         Tloc           0%         N/A       100%        5
 Summon Forest            Summ/Tloc      0%         N/A       100%        5
 Summon Mana Viper        Hex/Summ       0%         N/A       100%        5
 Yara's Violent Unravell  Hex/Tmut       0%         3d3       100%        5
 Starburst                Conj/Fire      0%         6d3       100%        6
 Storm Form               Tmut/Air       0%         N/A       100%        7


Dungeon Overview and Level Annotations

Branches:
Dungeon (8/15)             Temple (1/1) D:5            Lair (0/6) D:8

Altars:
Cheibriados
Elyvilon
Hepliaklqana
Kikubaaqudgha
Makhleb
Okawaru
Qazlal
Wu Jian
Zin

Shops:
D:2 =

Annotations:
D:3 2 transporters, RandomusNamus's ghost, amateur MiCA
D:8 Erica


Innate Abilities, Weirdness & Mutations

You have a pair of horns on your head.
You reflexively headbutt those who attack you in melee.


Message History

You closely miss Erica.
Erica is heavily wounded.
Erica closely misses you. You furiously retaliate!
You headbutt Erica. You hit Erica.
Erica is heavily wounded.
Erica hits you with a +2 scimitar of flaming!
Erica burns you.
You closely miss Erica. Your headbutt misses Erica.
Erica is heavily wounded.
Erica hits you with a +2 scimitar of flaming.
Erica burns you.
You barely miss Erica.
Erica is heavily wounded.
Erica hits you with a +2 scimitar of flaming.
Erica burns you.
You slice Erica!! Your headbutt misses Erica.
Erica is almost dead.
Erica barely misses you.
You completely miss Erica.
Erica is almost dead.
Erica hits you with a +2 scimitar of flaming!
* * * LOW HITPOINT WARNING * * *
Erica burns you.
* * * LOW HITPOINT WARNING * * *
You hit Erica.
Erica is almost dead.
Erica casts a spell at you.
You feel yourself slow down.
You feel better.
Erica looks more healthy.
Erica hits you with a +2 scimitar of flaming.
Erica burns you.
You hit Erica. You headbutt Erica, but do no damage.
Erica is almost dead.
Erica gestures at you while chanting. You resist with significant effort.
Erica looks angry.
Erica casts a spell at you. The bolt of poison hits you!!
You are poisoned.
You die...

#..... #.
##..!.# #.
#.....# ##.
#.....# #..
#...(.# #..
####(## #..
#(## #.. #.@#
#.. ##.@### #..
#.....#### #..
#...###....####
#.. #..##
####....###
##.. #..#
####...###...
### ####....#.
#.#..###
#.....#
#.)...##


You could see Erica.

Vanquished Creatures
  2 steam dragons
  Duvessa (D:5)
  2 water moccasins
  2 orc warriors (D:7)
  2 ice beasts (D:6)
  A black bear (D:5)
  A sky beast (D:6)
  A centaur (D:6)
  2 ogres
  2 phantoms
  3 bullfrogs
  A necrophage (D:7)
  2 scorpions (D:4)
  Dowan (D:5)
  A howler monkey (D:6)
  3 hounds
  2 jellies
  An orc priest (D:4)
  A gnoll shaman (D:5)
  3 iguanas
  2 orc wizards
  A mummy (D:4)
  4 adders
  9 gnolls
  A white imp (D:7)
  An ufetubus (D:5)
  A worm (D:3)
  A dart slug (D:4)
  22 orcs
  5 ball pythons
  9 endoplasms
  6 goblins
  9 hobgoblins
  2 quokkas (D:2)
  3 bats
  4 frilled lizards
  2 hobgoblin zombies (D:4)
  8 kobolds
  A kobold zombie (D:4)
  An orc zombie (D:4)
  3 rats
129 creatures vanquished.

Vanquished Creatures (others)
  13 plants
13 creatures vanquished.

Grand Total: 142 creatures vanquished

Notes
Turn   | Place    | Note
-------+----------+-------------------------------------------
     0 | D:1      | pyrow613 the Minotaur Fighter began the quest for the Orb.
     0 | D:1      | Reached XP level 1. HP: 19/19 MP: 0/0
   311 | D:1      | Reached skill level 3 in Axes
   424 | D:1      | Reached XP level 2. HP: 27/27 MP: 1/1
   858 | D:2      | Reached XP level 3. HP: 17/33 MP: 2/2
  1004 | D:2      | Reached skill level 4 in Axes
  1391 | D:2      | Reached XP level 4. HP: 41/41 MP: 3/3
  1830 | D:2      | Found Biene's Jewellery Boutique.
  2360 | D:3      | Found a transporter.
  2422 | D:3      | Reached skill level 5 in Axes
  2700 | D:3      | Found a faded altar of an unknown god.
  2821 | D:3      | Found a transporter.
  2822 | D:3      | Noticed RandomusNamus's ghost (amateur MiCA)
  2992 | D:4      | Noticed a scorpion
  3141 | D:4      | Reached XP level 5. HP: 40/47 MP: 4/4
  3165 | D:4      | Reached skill level 6 in Axes
  3446 | D:4      | Reached skill level 7 in Axes
  3446 | D:4      | Reached XP level 6. HP: 46/53 MP: 5/5
  3496 | D:4      | Got the Handbook of Cloudy Conjuration
  3979 | D:5      | Entered Level 5 of the Dungeon
  3984 | D:5      | Reached skill level 8 in Axes
  4035 | D:5      | Noticed Duvessa
  4040 | D:5      | Noticed Dowan
  4042 | D:5      | Killed Duvessa
  4044 | D:5      | Killed Dowan
  4045 | D:5      | Reached XP level 7. HP: 58/60 MP: 6/6
  4252 | D:5      | Found a staircase to the Ecumenical Temple.
  4260 | Temple   | Entered the Ecumenical Temple
  4310 | Temple   | Became a worshipper of Zin the Law-Giver
  4310 | Temple   | Reached * piety under Zin
  4441 | D:5      | Reached skill level 9 in Axes
  5126 | D:5      | Reached skill level 10 in Axes
  5227 | D:5      | Reached ** piety under Zin
  5410 | D:6      | Reached skill level 11 in Axes
  5410 | D:6      | Reached XP level 8. HP: 30/67 MP: 7/7
  6065 | D:6      | Reached skill level 12 in Axes
  6597 | D:7      | Reached skill level 13 in Axes
  6851 | D:7      | Got Miuceem's Grimoire of Mutagenic Summoning
  6992 | D:7      | Found a hazy altar of Hepliaklqana.
  6993 | D:7      | Reached *** piety under Zin
  7174 | D:7      | Reached XP level 9. HP: 57/72 MP: 8/8
  7388 | D:2      | Bought an amulet of regeneration for 360 gold pieces
  7915 | D:7      | Identified the +2 trident of Courage {venom, rElec rN++
                  | Str+2 Int-2}
  7996 | D:7      | Reached skill level 14 in Axes
  8124 | D:8      | Found a staircase to the Lair.
  8185 | D:8      | Noticed Erica
  8208 | D:8      | Killed from afar by Erica

Illustrated notes

Levels and vault maps discovered:
D:1:      enne_arrival_octagon_isle, layout_basic, item_on_display_a
D:2:      layout_basic, serial_shops, nicolae_square_shop, minivault_27,
          chequers_serial_rivers_micro_e, minmay_between
D:3:      layout_basic, ebering_ecumenical_altar_box,
          gammafunk_ghost_gnarly_gnolls
D:4:      layout_basic, minmay_mini_ossuary
D:5:      layout_loops_corners, minmay_temple_entry_large_hall, uniq_duvessa
D:6:      layout_basic
D:7:      layout_gridville, nicolae_hepliaklqana_hazy_memory,
          minmay_misc_feat_cross
D:8:      layout_cave_pods, dpeg_oklobed_lair, uniq_erica, uniq_maggie
Temple:   mainiacjoe_temple_hex_bubbles

Skill      XL: |  1  2  3  4  5  6  7  8  9 |
---------------+----------------------------+-----
Axes           | 3 4 5 7 8 11 13 14 | 14.7
Fighting       | 4 |  4.6
Armour         | |  3.6
Shields        | |  3.6

Action                   |  1- 3 |  4- 6 |  7- 9 || total
-------------------------+-------+-------+-------++-------
Melee: War axe           |    10 |       |       ||    10
       Headbutt          |    11 |    15 |    22 ||    48
       Battleaxe         |    30 |    91 |   139 ||   260
       Dagger            |       |     3 |       ||     3
Throw: Dart              |       |       |     4 ||     4
  Use: Scroll            |       |    10 |    13 ||    23
       Potion            |       |       |     2 ||     2
Armor: Scale mail        |    18 |    16 |       ||    34
       Chain mail        |       |    36 |    54 ||    90
       Ring mail         |       |       |    17 ||    17
Dodge: Dodged            |    21 |    46 |    66 ||   133
Block: Buckler           |     1 |       |       ||     1

Table legend: (Time is in decaauts)
 A = Elapsed time spent in this place.
 B = Non-inter-level travel time spent in this place.
 C = Inter-level travel time spent in this place.
 D = Time resting spent in this place.
 E = Time spent auto-exploring this place.
 F = Levels seen in this place.
 G = Mean time per level.
                   A        B        C        D        E       F      G
               +--------+--------+--------+--------+--------+-----+--------+
         Total |   8281 |   7745 |    536 |   1054 |   5660 |   9 |  920.1 |
       Dungeon |   8195 |   7684 |    511 |   1054 |   5613 |   8 | 1024.4 |
        Temple |     85 |     60 |     25 |      0 |     47 |   1 |   85.0 |
               +--------+--------+--------+--------+--------+-----+--------+

Top non-repeatable levels by time:
     D:5: 1376 daAuts
     D:7: 1264 daAuts
     D:2: 1247 daAuts
     D:6: 1230 daAuts
     D:1: 992 daAuts
     D:4: 976 daAuts
     D:3: 945 daAuts
     D:8: 162 daAuts
  Temple: 85 daAuts
